Scraper vs River Rats

Created - 28 octobre 2014 at 23:03

Goals
1 2 3 OT1 T
Scraper 1 2 3 0 6
River Rats 1 3 2 1 7
Shots
1 2 3 OT1 T
Scraper 13 9 13 6 41
River Rats 5 15 17 2 39

1st period

1. River Rats , Jay Beagle 2 (Jamie Arniel) at 1:12
2. Scraper , Denis Shvidki 4 (Evander Kane, Brayden Schenn) at 12:38

Penalties :
Marcus Foligno (Out) for Hooking (Minor) at 3:38, Lauri Korpikoski (Alb) for Hooking (Minor) at 16:08

2nd period

3. River Rats , Tyler Bozak 7 (Damien Brunner) at 0:35
4. River Rats , Steve Quailer 5 (Peter Mueller) at 13:04 (PP)
5. Scraper , Roman Horak 3 (Marcus Foligno, Brendan Smith) at 17:22
6. River Rats , Peter Mueller 8 (Andy Greene) at 18:16 (PP)
7. Scraper , Evander Kane 8 (Denis Shvidki, Brendan Smith) at 19:55

Penalties :
Reilly Smith (Out) for Hooking (Minor) at 1:11, Lauri Korpikoski (Alb) for Interference (Minor) at 6:23, Brendan Smith (Out) for Holding (Minor) at 12:35, Evander Kane (Out) for Hooking (Minor) at 14:01, Ryan O'Reilly (Out) for Boarding (Minor) at 17:44

3rd period

8. River Rats , Martin Grenier 4 (Andy Greene, Tyler Bozak) at 0:08
9. Scraper , Evander Kane 9 (Denis Shvidki) at 0:45
10. Scraper , Brayden Schenn 3 (Denis Shvidki, Evander Kane) at 0:57
11. River Rats , Andy Greene 1 (Patrick Maroon) at 7:26 (PP)
12. Scraper , Valeri Bure 6 (Brendan Smith, Marcus Foligno) at 16:40

Penalties :
Eric Godard (Out) for Hooking (Minor) at 2:12, Denis Shvidki (Out) for Roughing (Minor) at 6:42, Pavel Valentenko (Alb) for Roughing (Minor) at 12:06

Overtime #1

13. River Rats , Peter Mueller 9 (Michael Del Zotto, Bryan Rodney) at 2:35

Penalties :
No Penalty

Goalie Stats

Maxime Ouellet (Out), 17 saves from 20 shots - (0,850), OTL, 1-3-1, 24:19 minutes
Peter Mannino (Out), 15 saves from 19 shots - (0,789), 38:16 minutes
Braden Holtby (Alb), 35 saves from 41 shots - (0,854), W, 5-3-2, 62:35 minutes

Players Stats for Scraper

Player Name              G  A  P  +/- PIM S  H  SB GA TA FO     MP     PP MP  PK MP  
------------------------------------------------------------------------------------
Ben Eager                0  0  0  -1  0   6  1  0  0  0  1/2    15:46   0:07   0:58 
Brayden Schenn           1  1  2   3  0   1  2  0  0  0  11/25  18:44   3:14   0:24 
Brendan Smith            0  3  3   0  2   4  3  0  1  1  0/0    30:19   3:49   3:43 
Cameron Gaunce           0  0  0   0  0   0  0  0  0  0  0/0     0:00   0:00   0:00 
Daniel Winnik            0  0  0   0  0   2  0  0  1  0  0/0     6:36   2:36   0:00 
Denis Shvidki            1  3  4   3  2   8  2  1  0  1  0/0    19:40   3:14   0:00 
Derek Joslin             0  0  0   0  0   0  0  2  2  1  0/0    25:04   3:40   5:50 
Eric Godard              0  0  0   0  2   0  0  0  0  0  2/2     6:07   0:07   0:56 
Eric Gryba               0  0  0   0  0   0  1  0  0  1  0/0    22:20   2:21   2:47 
Eric Knodel              0  0  0   0  0   0  0  0  0  0  0/0     0:00   0:00   0:00 
Evander Kane             2  2  4   3  2   6  0  0  0  0  0/2    18:34   3:14   0:00 
Ilkka Heikkinen          0  0  0   2  0   0  0  0  0  2  0/0    14:44   1:33   5:57 
Jared Cowen              0  0  0   0  0   2  3  4  0  2  0/0    28:13   0:00   6:42 
Jerome Samson            0  0  0   0  0   0  0  0  0  0  0/0     0:06   0:00   0:00 
Joe Finley               0  0  0   2  0   0  2  0  0  0  0/0    10:42   0:31   0:13 
Marcus Foligno           0  2  2   1  2   2  1  0  0  0  1/1    10:17   0:00   0:00 
Reilly Smith             0  0  0  -1  2   2  2  0  0  1  1/2    17:50   2:36   0:00 
Rick Schofield           0  0  0  -1  0   1  1  1  0  0  8/12    6:49   0:00   5:52 
Roman Horak              1  0  1   1  0   2  1  0  0  0  4/9    16:21   0:07   2:41 
Ryan O'Reilly            0  0  0  -1  2   1  2  0  0  0  17/25  16:05   0:00   0:00 
Valeri Bure              1  0  1   0  0   4  2  1  2  0  2/2    16:15   2:36   2:41 

Players Stats for River Rats

Player Name              G  A  P  +/- PIM S  H  SB GA TA FO     MP     PP MP  PK MP  
------------------------------------------------------------------------------------
Andy Greene              1  2  3  -1  0   2  0  2  1  0  0/0    25:44   6:13   0:00 
Bryan Rodney             0  1  1  -2  0   1  0  3  0  1  0/0    14:02   0:00   2:11 
Chris Mcallister         0  0  0  -3  0   1  2  0  3  0  0/1    22:22   5:33   3:25 
Damien Brunner           0  1  1   2  0   6  1  0  2  0  0/2    21:42   5:29   0:00 
Jamie Arniel             0  1  1   1  0   0  2  0  0  0  1/2     7:30   0:00   0:00 
Jay Beagle               1  0  1   1  0   4  0  0  0  1  1/1    10:04   0:00   1:26 
Kellan Lain              0  0  0  -2  0   0  1  0  0  0  2/7    12:51   0:04   2:15 
Lauri Korpikoski         0  0  0   1  4   4  0  0  0  0  0/1    15:55   0:00   0:00 
Martin Grenier           1  0  1  -3  0   4  3  3  0  1  0/0    28:38   3:28   3:46 
Matt Jones               0  0  0   1  0   2  0  0  0  1  0/0    22:49   3:28   3:46 
Michael Del Zotto        0  1  1   2  0   1  2  1  0  1  0/0    24:32   6:13   2:11 
Patrick Maroon           0  1  1  -2  0   1  3  0  1  0  0/0    13:07   4:08   0:00 
Pavel Valentenko         0  0  0  -1  2   0  1  0  0  0  0/0     9:35   0:00   0:00 
Peter Mueller            2  1  3  -2  0   4  0  0  1  0  7/16   16:01   4:08   0:11 
Steve Quailer            1  0  1  -3  0   2  2  0  0  0  1/2    15:11   4:08   0:00 
Taylor Beck              0  0  0   1  0   1  1  0  0  0  0/0     8:47   0:00   1:06 
Tomas Kubalik            0  0  0  -2  0   0  0  0  1  0  0/0     9:22   0:04   0:00 
Tyler Bozak              1  1  2   1  0   6  1  0  0  1  23/50  26:08   5:29   3:31 

3 Stars

1 - Evander Kane (Out)
2 - Denis Shvidki (Out)
3 - Brayden Schenn (Out)

Power Play

Scraper - 0 on 3 Attempt(s) - 0,00%
River Rats - 3 on 7 Attempt(s) - 42,86%

Penalty Kill

Scraper - 4 on 7 Attempt(s) - 57,14% - Score 0 goal in Penalty Kill
River Rats - 3 on 3 Attempt(s) - 100,00% - Score 0 goal in Penalty Kill

Official

Referees : Walsh Ian and Peel Tim
Linesman : Bryan Pancich and David Brisebois

Game Notes

Maxime Ouellet enters game at 18:16 of 2nd period
Ilkka Heikkinen is injured at 5:13 of 3rd period (Upper Body)

Finance

Level 1 -- Attendance: 1316 (65,80%) -- Ticket Income 46 060 $
Level 2 -- Attendance: 778 (77,80%) -- Ticket Income 11 670 $
Total Attendance: 2094 (69,80%)
Total Ticket Income: 57 730 $
Other Income: 2 886 $
Total Income: 60 616 $

Scraper

5 vs 5 Forward 
   Center                   Left Wing                Right Wing               Time % Phy DF OF 
 1 Brayden Schenn           Evander Kane             Denis Shvidki            35     1   2  2  
 2 Ryan O'Reilly            Ben Eager                Reilly Smith             35     1   2  2  
 3 Roman Horak              Marcus Foligno           Valeri Bure              25     1   2  2  
 4 Roman Horak              Daniel Winnik            Eric Godard              5      1   2  2  

5 vs 5 Defense 
   Defense                  Defense                                           Time % Phy DF OF 
 1 Brendan Smith            Jared Cowen                                       40     1   2  2  
 2 Derek Joslin             Eric Gryba                                        35     1   2  2  
 3 Joe Finley               Ilkka Heikkinen                                   15     1   2  2  
 4 Brendan Smith            Jared Cowen                                       10     1   2  2  

PowerPlay Forward 
   Center                   Left Wing                Right Wing               Time % Phy DF OF 
 1 Brayden Schenn           Evander Kane             Denis Shvidki            60     1   2  2  
 2 Reilly Smith             Daniel Winnik            Valeri Bure              40     1   2  2  

PowerPlay Defense
   Defense                  Defense                                           Time % Phy DF OF 
 1 Derek Joslin             Brendan Smith                                     60     1   2  2  
 2 Eric Gryba               Ilkka Heikkinen                                   40     1   2  2  

Penalty Kill 4 Players Forward 
   Center                   Wing                     Time % Phy DF OF 
 1 Rick Schofield           Derek Joslin             60     1   2  2  
 2 Roman Horak              Valeri Bure              40     1   2  2  

Penalty Kill 4 Players Defense
   Defense                  Defense                  Time % Phy DF OF 
 1 Ilkka Heikkinen          Jared Cowen              60     1   2  2  
 2 Eric Gryba               Brendan Smith            40     1   2  2  

Penalty Kill - 3 Players Forward 
   Forward                                           Time % Phy DF OF 
 1 Roman Horak                                       60     1   2  2  
 2 Rick Schofield                                    40     1   2  2  

Penalty Kill - 3 Players Defense
   Defense                  Defense                  Time % Phy DF OF 
 1 Derek Joslin             Jared Cowen              60     1   2  2  
 2 Eric Gryba               Brendan Smith            40     1   2  2  

4 vs 4 Forward 
   Center                   Wing                     Time % Phy DF OF 
 1 Ryan O'Reilly            Denis Shvidki            60     1   2  2  
 2 Rick Schofield           Valeri Bure              40     1   2  2  

4 vs 4 Defense
   Defense                  Defense                  Time % Phy DF OF 
 1 Brendan Smith            Jared Cowen              60     1   2  2  
 2 Derek Joslin             Ilkka Heikkinen          40     1   2  2  

Last Minutes Offensive
   Center                   Left Wing                Right Wing               Defense                  Defense                  
   Brayden Schenn           Evander Kane             Denis Shvidki            Derek Joslin             Brendan Smith            

Last Minutes Defensive
   Center                   Left Wing                Right Wing               Defense                  Defense                  
   Rick Schofield           Ben Eager                Denis Shvidki            Jared Cowen              Brendan Smith            

Goaltenders
Starting : Peter Mannino            
Backup : Maxime Ouellet           

Extra Forwards
Normal : Evander Kane, Reilly Smith, Eric Godard - PP : Evander Kane, Reilly Smith - PK : Eric Godard
Extra Defensemen
Normal : Eric Gryba, Jared Cowen, Ilkka Heikkinen - PP : Eric Gryba - PK : Jared Cowen, Ilkka Heikkinen
Penalty Shots
Denis Shvidki, Ryan O'Reilly, Evander Kane, Valeri Bure, Ben Eager

River Rats

5 vs 5 Forward 
   Center                   Left Wing                Right Wing               Time % Phy DF OF 
 1 Tyler Bozak              Lauri Korpikoski         Damien Brunner           40     1   2  2  
 2 Peter Mueller            Chris Mcallister         Steve Quailer            30     1   2  2  
 3 Kellan Lain              Patrick Maroon           Tomas Kubalik            20     1   2  2  
 4 Jamie Arniel             Taylor Beck              Jay Beagle               10     1   2  2  

5 vs 5 Defense 
   Defense                  Defense                                           Time % Phy DF OF 
 1 Martin Grenier           Andy Greene                                       40     1   2  2  
 2 Matt Jones               Michael Del Zotto                                 30     1   2  2  
 3 Bryan Rodney             Pavel Valentenko                                  20     1   2  2  
 4 Bryan Rodney             Martin Grenier                                    10     1   2  2  

PowerPlay Forward 
   Center                   Left Wing                Right Wing               Time % Phy DF OF 
 1 Tyler Bozak              Chris Mcallister         Damien Brunner           60     1   2  2  
 2 Peter Mueller            Patrick Maroon           Steve Quailer            40     1   2  2  

PowerPlay Defense
   Defense                  Defense                                           Time % Phy DF OF 
 1 Andy Greene              Michael Del Zotto                                 60     1   2  2  
 2 Matt Jones               Martin Grenier                                    40     1   2  2  

Penalty Kill 4 Players Forward 
   Center                   Wing                     Time % Phy DF OF 
 1 Tyler Bozak              Chris Mcallister         60     1   2  2  
 2 Kellan Lain              Jay Beagle               40     1   2  2  

Penalty Kill 4 Players Defense
   Defense                  Defense                  Time % Phy DF OF 
 1 Martin Grenier           Matt Jones               60     1   2  2  
 2 Bryan Rodney             Michael Del Zotto        40     1   2  2  

Penalty Kill - 3 Players Forward 
   Forward                                           Time % Phy DF OF 
 1 Tyler Bozak                                       60     1   2  2  
 2 Jay Beagle                                        40     1   2  2  

Penalty Kill - 3 Players Defense
   Defense                  Defense                  Time % Phy DF OF 
 1 Martin Grenier           Matt Jones               60     1   2  2  
 2 Bryan Rodney             Michael Del Zotto        40     1   2  2  

4 vs 4 Forward 
   Center                   Wing                     Time % Phy DF OF 
 1 Tyler Bozak              Chris Mcallister         60     1   2  2  
 2 Peter Mueller            Damien Brunner           40     1   2  2  

4 vs 4 Defense
   Defense                  Defense                  Time % Phy DF OF 
 1 Martin Grenier           Matt Jones               60     1   2  2  
 2 Bryan Rodney             Michael Del Zotto        40     1   2  2  

Last Minutes Offensive
   Center                   Left Wing                Right Wing               Defense                  Defense                  
   Tyler Bozak              Chris Mcallister         Damien Brunner           Martin Grenier           Andy Greene              

Last Minutes Defensive
   Center                   Left Wing                Right Wing               Defense                  Defense                  
   Tyler Bozak              Chris Mcallister         Damien Brunner           Martin Grenier           Andy Greene              

Goaltenders
Starting : Braden Holtby            
Backup : Allen York               

Extra Forwards
Normal : Kellan Lain, Chris Mcallister, Jay Beagle - PP : Kellan Lain, Tomas Kubalik - PK : Chris Mcallister
Extra Defensemen
Normal : Pavel Valentenko, Michael Del Zotto, Bryan Rodney - PP : Bryan Rodney - PK : Pavel Valentenko, Bryan Rodney
Penalty Shots
Tyler Bozak, Chris Mcallister, Damien Brunner, Peter Mueller, Kellan Lain

% Time on Ice - Scraper

Lines # - Real PCT - Wanted PCT - Time Play
Normal Forward
1 - 35% - 35% - 15:33
2 - 34% - 35% - 14:58
3 - 22% - 25% - 9:53
4 - 9% - 5% - 3:58
Normal Defense
1 - 38% - 40% - 16:58
2 - 36% - 35% - 16:07
3 - 22% - 15% - 9:43
4 - 4% - 10% - 1:34
PP Forward
1 - 56% - 60% - 3:21
2 - 44% - 40% - 2:36
PP Defense
1 - 61% - 60% - 3:36
2 - 39% - 40% - 2:21
PK Forward
1 - 72% - 60% - 7:00
2 - 28% - 40% - 2:41
PK Defense
1 - 71% - 60% - 6:54
2 - 29% - 40% - 2:47
PK3 Forward
1 - 0% - 60%
2 - 0% - 40%
PK3 Defense
1 - 0% - 60%
2 - 0% - 40%
44 Forward
1 - 78% - 60% - 2:01
2 - 22% - 40% - 0:34
44 Defense
1 - 65% - 60% - 1:41
2 - 35% - 40% - 0:54
Last Minute Offensive  - 0:00
Last Minute Defensive  - 0:00
Total
Forward - 62:35
Defense - 62:35

% Time on Ice - River Rats

Lines # - Real PCT - Wanted PCT - Time Play
Normal Forward
1 - 37% - 40% - 16:16
2 - 26% - 30% - 11:28
3 - 21% - 20% - 9:08
4 - 17% - 10% - 7:30
Normal Defense
1 - 44% - 40% - 19:32
2 - 33% - 30% - 14:31
3 - 20% - 20% - 9:05
4 - 3% - 10% - 1:14
PP Forward
1 - 57% - 60% - 5:33
2 - 43% - 40% - 4:08
PP Defense
1 - 64% - 60% - 6:13
2 - 36% - 40% - 3:28
PK Forward
1 - 76% - 60% - 4:31
2 - 24% - 40% - 1:26
PK Defense
1 - 63% - 60% - 3:46
2 - 37% - 40% - 2:11
PK3 Forward
1 - 0% - 60%
2 - 0% - 40%
PK3 Defense
1 - 0% - 60%
2 - 0% - 40%
44 Forward
1 - 75% - 60% - 1:56
2 - 25% - 40% - 0:39
44 Defense
1 - 64% - 60% - 1:39
2 - 36% - 40% - 0:56
Last Minute Offensive  - 0:00
Last Minute Defensive  - 0:00
Total
Forward - 62:35
Defense - 62:35

Play by Play

1st period


0:01 of 1st period - Brayden Schenn wins face-off versus Tyler Bozak in neutral zone.
1:12 of 1st period - Wrist shot by Jay Beagle.
1:12 of 1st period - Goal by Jay Beagle - Scraper : 0 - River Rats : 1.
1:13 of 1st period - Tyler Bozak wins face-off versus Roman Horak in neutral zone.
1:38 of 1st period - Ben Eager is hit by Steve Quailer and loses puck.
2:01 of 1st period - Wrist shot by Valeri Bure.
2:01 of 1st period - Stopped by Braden Holtby without a rebound.
2:02 of 1st period - Roman Horak wins face-off versus Jamie Arniel in River Rats zone.
2:05 of 1st period - Snap shot by Valeri Bure.
2:05 of 1st period - Shot Blocked by Bryan Rodney.
2:15 of 1st period - Backhand shot by Marcus Foligno.
2:15 of 1st period - Stopped by Braden Holtby without a rebound.
2:16 of 1st period - Tyler Bozak wins face-off versus Brayden Schenn in River Rats zone.
2:16 of 1st period - Tyler Bozak is hit by Jared Cowen.
2:48 of 1st period - Snap shot by Reilly Smith.
2:48 of 1st period - Deflect By Ben Eager.
2:48 of 1st period - Deflect By Matt Jones.
2:48 of 1st period - Shot Misses the Net.
2:48 of 1st period - Puck is out of play.
2:49 of 1st period - Ryan O'Reilly wins face-off versus Peter Mueller in River Rats zone.
2:56 of 1st period - Backhand shot by Reilly Smith.
2:56 of 1st period - Stopped by Braden Holtby without a rebound.
2:57 of 1st period - Ryan O'Reilly wins face-off versus Peter Mueller in River Rats zone.
3:00 of 1st period - Slapshot by Ben Eager.
3:00 of 1st period - Deflect By Ryan O'Reilly.
3:00 of 1st period - Shot Blocked by Bryan Rodney.
3:00 of 1st period - Puck is out of play.
3:01 of 1st period - Tyler Bozak wins face-off versus Evander Kane in River Rats zone.
3:38 of 1st period - Minor Penalty to Marcus Foligno for Hooking.
3:39 of 1st period - Rick Schofield wins face-off versus Tyler Bozak in Scraper zone.
3:39 of 1st period - Rick Schofield is hit by Tyler Bozak.
3:52 of 1st period - Snap shot by Damien Brunner.
3:52 of 1st period - Shot Blocked by Derek Joslin.
5:28 of 1st period - Wrist shot by Rick Schofield.
5:28 of 1st period - Shot Misses the Net.
5:38 of 1st period - Penalty to Marcus Foligno is over, Marcus Foligno is back on ice.
5:51 of 1st period - Valeri Bure is hit by Martin Grenier.
6:06 of 1st period - Kellan Lain is hit by Denis Shvidki and loses puck.
7:04 of 1st period - Derek Joslin is hit by Martin Grenier and loses puck.
7:38 of 1st period - Damien Brunner is hit by Ryan O'Reilly and loses puck.
8:02 of 1st period - Kellan Lain is hit by Joe Finley and loses puck.
8:09 of 1st period - Slapshot by Valeri Bure.
8:09 of 1st period - Shot Misses the Net.
8:25 of 1st period - Ilkka Heikkinen is hit by Jamie Arniel and loses puck.
8:58 of 1st period - Ben Eager is hit by Pavel Valentenko.
9:10 of 1st period - Derek Joslin is hit by Martin Grenier and loses puck.
9:39 of 1st period - Snap shot by Peter Mueller.
9:39 of 1st period - Stopped by Peter Mannino with a rebound.
9:51 of 1st period - Snap shot by Damien Brunner.
9:51 of 1st period - Stopped by Peter Mannino without a rebound.
9:52 of 1st period - Valeri Bure wins face-off versus Tyler Bozak in Scraper zone.
10:17 of 1st period - Wrist shot by Damien Brunner.
10:17 of 1st period - Shot Misses the Net.
10:41 of 1st period - Snap shot by Patrick Maroon.
10:41 of 1st period - Stopped by Peter Mannino without a rebound.
10:42 of 1st period - Ryan O'Reilly wins face-off versus Kellan Lain in Scraper zone.
10:49 of 1st period - Slapshot by Ben Eager.
10:49 of 1st period - Stopped by Braden Holtby without a rebound.
10:50 of 1st period - Roman Horak wins face-off versus Tyler Bozak in River Rats zone.
10:53 of 1st period - Wrist shot by Valeri Bure.
10:53 of 1st period - Shot Misses the Net.
12:28 of 1st period - Slapshot by Denis Shvidki.
12:28 of 1st period - Stopped by Braden Holtby without a rebound.
12:29 of 1st period - Brayden Schenn wins face-off versus Chris Mcallister in River Rats zone.
12:38 of 1st period - Backhand shot by Denis Shvidki.
12:38 of 1st period - Goal by Denis Shvidki - Scraper : 1 - River Rats : 1.
12:39 of 1st period - Tyler Bozak wins face-off versus Brayden Schenn in neutral zone.
13:06 of 1st period - Wrist shot by Ben Eager.
13:06 of 1st period - Stopped by Braden Holtby without a rebound.
13:07 of 1st period - Ryan O'Reilly wins face-off versus Peter Mueller in River Rats zone.
13:08 of 1st period - Slapshot by Ben Eager.
13:08 of 1st period - Deflect By Ryan O'Reilly.
13:08 of 1st period - Stopped by Braden Holtby without a rebound.
13:09 of 1st period - Ryan O'Reilly wins face-off versus Peter Mueller in River Rats zone.
13:18 of 1st period - Wrist shot by Ryan O'Reilly.
13:18 of 1st period - Shot Misses the Net.
13:20 of 1st period - Wrist shot by Ben Eager.
13:20 of 1st period - Stopped by Braden Holtby without a rebound.
13:21 of 1st period - Tyler Bozak wins face-off versus Brayden Schenn in River Rats zone.
13:24 of 1st period - Wrist shot by Evander Kane.
13:24 of 1st period - Shot Blocked by Martin Grenier.
13:50 of 1st period - Wrist shot by Chris Mcallister.
13:50 of 1st period - Shot Misses the Net.
14:29 of 1st period - Snap shot by Evander Kane.
14:29 of 1st period - Stopped by Braden Holtby without a rebound.
14:30 of 1st period - Brayden Schenn wins face-off versus Tyler Bozak in River Rats zone.
14:39 of 1st period - Wrist shot by Tyler Bozak.
14:39 of 1st period - Stopped by Peter Mannino without a rebound.
14:40 of 1st period - Ryan O'Reilly wins face-off versus Tyler Bozak in Scraper zone.
16:05 of 1st period - Snap shot by Ben Eager.
16:05 of 1st period - Stopped by Braden Holtby without a rebound.
16:06 of 1st period - Tyler Bozak wins face-off versus Ryan O'Reilly in River Rats zone.
16:08 of 1st period - Minor Penalty to Lauri Korpikoski for Hooking.
16:09 of 1st period - Tyler Bozak wins face-off versus Brayden Schenn in River Rats zone.
16:23 of 1st period - Wrist shot by Denis Shvidki.
16:23 of 1st period - Stopped by Braden Holtby without a rebound.
16:24 of 1st period - Brayden Schenn wins face-off versus Tyler Bozak in River Rats zone.
16:25 of 1st period - Wrist shot by Denis Shvidki.
16:25 of 1st period - Shot Misses the Net.
16:27 of 1st period - Snap shot by Evander Kane.
16:27 of 1st period - Stopped by Braden Holtby without a rebound.
16:28 of 1st period - Tyler Bozak wins face-off versus Brayden Schenn in River Rats zone.
17:04 of 1st period - Off-side.
17:05 of 1st period - Jay Beagle wins face-off versus Brayden Schenn in neutral zone.
18:08 of 1st period - Penalty to Lauri Korpikoski is over, Lauri Korpikoski is back on ice.
18:15 of 1st period - Patrick Maroon is hit by Ben Eager and loses puck.
18:30 of 1st period - Lauri Korpikoski is hit by Valeri Bure and loses puck.
19:12 of 1st period - Ryan O'Reilly is hit by Chris Mcallister and loses puck.
19:23 of 1st period - Kellan Lain is hit by Brayden Schenn and loses puck.
19:52 of 1st period - Denis Shvidki is hit by Jamie Arniel and loses puck.
Goals for this period are 1 for Scraper vs 1 for River Rats.
Shots for this period are 13 for Scraper vs 5 for River Rats.

2nd period


0:01 of 2nd period - Tyler Bozak wins face-off versus Ryan O'Reilly in neutral zone.
0:33 of 2nd period - Wrist shot by Tyler Bozak.
0:33 of 2nd period - Shot Misses the Net.
0:35 of 2nd period - Snap shot by Damien Brunner.
0:35 of 2nd period - Deflect By Tyler Bozak.
0:35 of 2nd period - Goal by Tyler Bozak - Scraper : 1 - River Rats : 2.
0:36 of 2nd period - Peter Mueller wins face-off versus Brayden Schenn in neutral zone.
0:49 of 2nd period - Snap shot by Peter Mueller.
0:49 of 2nd period - Shot Blocked by Denis Shvidki.
0:51 of 2nd period - Slapshot by Steve Quailer.
0:51 of 2nd period - Stopped by Peter Mannino with a rebound.
1:06 of 2nd period - Slapshot by Matt Jones.
1:06 of 2nd period - Stopped by Peter Mannino with a rebound.
1:08 of 2nd period - Slapshot by Damien Brunner.
1:08 of 2nd period - Stopped by Peter Mannino without a rebound.
1:09 of 2nd period - Ryan O'Reilly wins face-off versus Peter Mueller in Scraper zone.
1:11 of 2nd period - Minor Penalty to Reilly Smith for Hooking.
1:12 of 2nd period - Rick Schofield wins face-off versus Tyler Bozak in Scraper zone.
1:16 of 2nd period - Wrist shot by Chris Mcallister.
1:16 of 2nd period - Stopped by Peter Mannino without a rebound.
1:17 of 2nd period - Rick Schofield wins face-off versus Tyler Bozak in Scraper zone.
2:15 of 2nd period - Icing by Damien Brunner.
2:16 of 2nd period - Rick Schofield wins face-off versus Damien Brunner in River Rats zone.
3:11 of 2nd period - Penalty to Reilly Smith is over, Reilly Smith is back on ice.
3:43 of 2nd period - Bryan Rodney is hit by Brendan Smith and loses puck.
4:53 of 2nd period - Snap shot by Daniel Winnik.
4:53 of 2nd period - Stopped by Braden Holtby with a rebound.
5:32 of 2nd period - Icing by Brayden Schenn.
5:33 of 2nd period - Jamie Arniel wins face-off versus Brayden Schenn in Scraper zone.
5:34 of 2nd period - Slapshot by Andy Greene.
5:34 of 2nd period - Stopped by Peter Mannino without a rebound.
5:35 of 2nd period - Ryan O'Reilly wins face-off versus Kellan Lain in Scraper zone.
5:40 of 2nd period - Martin Grenier is hit by Jared Cowen and loses puck.
6:08 of 2nd period - Slapshot by Martin Grenier.
6:08 of 2nd period - Stopped by Peter Mannino without a rebound.
6:09 of 2nd period - Brayden Schenn wins face-off versus Peter Mueller in Scraper zone.
6:20 of 2nd period - Snap shot by Denis Shvidki.
6:20 of 2nd period - Stopped by Braden Holtby without a rebound.
6:21 of 2nd period - Tyler Bozak wins face-off versus Ryan O'Reilly in River Rats zone.
6:23 of 2nd period - Minor Penalty to Lauri Korpikoski for Interference.
6:24 of 2nd period - Tyler Bozak wins face-off versus Brayden Schenn in River Rats zone.
6:24 of 2nd period - Tyler Bozak is hit by Brendan Smith.
7:01 of 2nd period - Valeri Bure is hit by Chris Mcallister and loses puck.
8:23 of 2nd period - Penalty to Lauri Korpikoski is over, Lauri Korpikoski is back on ice.
8:39 of 2nd period - Wrist shot by Lauri Korpikoski.
8:39 of 2nd period - Stopped by Peter Mannino with a rebound.
8:41 of 2nd period - Wrist shot by Lauri Korpikoski.
8:41 of 2nd period - Shot Misses the Net.
8:47 of 2nd period - Wrist shot by Jay Beagle.
8:47 of 2nd period - Stopped by Peter Mannino without a rebound.
8:48 of 2nd period - Steve Quailer wins face-off versus Roman Horak in Scraper zone.
8:49 of 2nd period - Wrist shot by Chris Mcallister.
8:49 of 2nd period - Shot Blocked by Valeri Bure.
8:59 of 2nd period - Backhand shot by Valeri Bure.
8:59 of 2nd period - Stopped by Braden Holtby with a rebound.
9:59 of 2nd period - Wrist shot by Jared Cowen.
9:59 of 2nd period - Stopped by Braden Holtby with a rebound.
10:19 of 2nd period - Damien Brunner is hit by Reilly Smith and loses puck.
10:51 of 2nd period - Wrist shot by Chris Mcallister.
10:51 of 2nd period - Shot Misses the Net.
11:23 of 2nd period - Brayden Schenn is hit by Damien Brunner and loses puck.
11:28 of 2nd period - Snap shot by Tyler Bozak.
11:28 of 2nd period - Shot Blocked by Jared Cowen.
11:48 of 2nd period - Taylor Beck is hit by Roman Horak and loses puck.
12:20 of 2nd period - Wrist shot by Damien Brunner.
12:20 of 2nd period - Stopped by Peter Mannino without a rebound.
12:21 of 2nd period - Eric Godard wins face-off versus Tyler Bozak in Scraper zone.
12:32 of 2nd period - Snap shot by Tyler Bozak.
12:32 of 2nd period - Stopped by Peter Mannino without a rebound.
12:33 of 2nd period - Reilly Smith wins face-off versus Tyler Bozak in Scraper zone.
12:35 of 2nd period - Minor Penalty to Brendan Smith for Holding.
12:36 of 2nd period - Tyler Bozak wins face-off versus Rick Schofield in Scraper zone.
13:04 of 2nd period - Snap shot by Steve Quailer.
13:04 of 2nd period - Goal by Steve Quailer - Scraper : 1 - River Rats : 3.
13:05 of 2nd period - Ryan O'Reilly wins face-off versus Tyler Bozak in neutral zone.
14:01 of 2nd period - Minor Penalty to Evander Kane for Hooking.
14:02 of 2nd period - Tyler Bozak wins face-off versus Rick Schofield in Scraper zone.
14:29 of 2nd period - Ilkka Heikkinen is hit by Patrick Maroon and loses puck.
14:38 of 2nd period - Wrist shot by Peter Mueller.
14:38 of 2nd period - Shot Blocked by Jared Cowen.
15:55 of 2nd period - Icing by Steve Quailer.
15:56 of 2nd period - Eric Godard wins face-off versus Peter Mueller in River Rats zone.
16:01 of 2nd period - Penalty to Evander Kane is over, Evander Kane is back on ice.
16:12 of 2nd period - Jared Cowen is hit by Taylor Beck and loses puck.
16:30 of 2nd period - Denis Shvidki is hit by Patrick Maroon and loses puck.
17:04 of 2nd period - Off-side.
17:05 of 2nd period - Peter Mueller wins face-off versus Roman Horak in neutral zone.
17:08 of 2nd period - Wrist shot by Bryan Rodney.
17:08 of 2nd period - Stopped by Peter Mannino with a rebound.
17:14 of 2nd period - Slapshot by Brendan Smith.
17:14 of 2nd period - Shot Blocked by Martin Grenier.
17:16 of 2nd period - Slapshot by Brendan Smith.
17:16 of 2nd period - Shot Misses the Net.
17:18 of 2nd period - Wrist shot by Marcus Foligno.
17:18 of 2nd period - Stopped by Braden Holtby with a rebound.
17:20 of 2nd period - Wrist shot by Roman Horak.
17:20 of 2nd period - Shot Blocked by Martin Grenier.
17:22 of 2nd period - Wrist shot by Marcus Foligno.
17:22 of 2nd period - Deflect By Roman Horak.
17:22 of 2nd period - Goal by Roman Horak - Scraper : 2 - River Rats : 3.
17:23 of 2nd period - Ryan O'Reilly wins face-off versus Lauri Korpikoski in neutral zone.
17:44 of 2nd period - Minor Penalty to Ryan O'Reilly for Boarding.
17:45 of 2nd period - Rick Schofield wins face-off versus Tyler Bozak in Scraper zone.
18:00 of 2nd period - Tyler Bozak is hit by Rick Schofield and loses puck.
18:11 of 2nd period - Jared Cowen is hit by Patrick Maroon and loses puck.
18:16 of 2nd period - Wrist shot by Peter Mueller.
18:16 of 2nd period - Goal by Peter Mueller - Scraper : 2 - River Rats : 4.
18:16 of 2nd period - Maxime Ouellet enters game.
18:17 of 2nd period - Ryan O'Reilly wins face-off versus Tyler Bozak in neutral zone.
18:19 of 2nd period - Off-side.
18:20 of 2nd period - Ben Eager wins face-off versus Tyler Bozak in neutral zone.
18:25 of 2nd period - Wrist shot by Ben Eager.
18:25 of 2nd period - Deflect By Reilly Smith.
18:25 of 2nd period - Stopped by Braden Holtby with a rebound.
18:31 of 2nd period - Wrist shot by Ryan O'Reilly.
18:31 of 2nd period - Shot Misses the Net.
18:33 of 2nd period - Snap shot by Brendan Smith.
18:33 of 2nd period - Stopped by Braden Holtby without a rebound.
18:34 of 2nd period - Brayden Schenn wins face-off versus Tyler Bozak in River Rats zone.
19:20 of 2nd period - Slapshot by Jay Beagle.
19:20 of 2nd period - Stopped by Maxime Ouellet with a rebound.
19:28 of 2nd period - Slapshot by Jared Cowen.
19:28 of 2nd period - Shot Misses the Net.
19:53 of 2nd period - Slapshot by Denis Shvidki.
19:53 of 2nd period - Shot Misses the Net.
19:55 of 2nd period - Snap shot by Evander Kane.
19:55 of 2nd period - Goal by Evander Kane - Scraper : 3 - River Rats : 4.
19:56 of 2nd period - Tyler Bozak wins face-off versus Ben Eager in neutral zone.
Goals for this period are 2 for Scraper vs 3 for River Rats.
Shots for this period are 9 for Scraper vs 15 for River Rats.

3rd period


0:01 of 3rd period - Tyler Bozak wins face-off versus Ryan O'Reilly in neutral zone.
0:06 of 3rd period - Slapshot by Martin Grenier.
0:06 of 3rd period - Shot Blocked by Jared Cowen.
0:08 of 3rd period - Slapshot by Martin Grenier.
0:08 of 3rd period - Deflect By Reilly Smith.
0:08 of 3rd period - Goal by Martin Grenier - Scraper : 3 - River Rats : 5.
0:09 of 3rd period - Tyler Bozak wins face-off versus Ryan O'Reilly in neutral zone.
0:13 of 3rd period - Slapshot by Lauri Korpikoski.
0:13 of 3rd period - Stopped by Maxime Ouellet with a rebound.
0:15 of 3rd period - Snap shot by Damien Brunner.
0:15 of 3rd period - Stopped by Maxime Ouellet without a rebound.
0:16 of 3rd period - Ryan O'Reilly wins face-off versus Tyler Bozak in Scraper zone.
0:25 of 3rd period - Snap shot by Ben Eager.
0:25 of 3rd period - Shot Blocked by Andy Greene.
0:45 of 3rd period - Backhand shot by Evander Kane.
0:45 of 3rd period - Goal by Evander Kane - Scraper : 4 - River Rats : 5.
0:46 of 3rd period - Brayden Schenn wins face-off versus Tyler Bozak in neutral zone.
0:51 of 3rd period - Slapshot by Evander Kane.
0:51 of 3rd period - Shot Misses the Net.
0:53 of 3rd period - Wrist shot by Denis Shvidki.
0:53 of 3rd period - Shot Misses the Net.
0:55 of 3rd period - Snap shot by Denis Shvidki.
0:55 of 3rd period - Shot Blocked by Andy Greene.
0:57 of 3rd period - Slapshot by Brayden Schenn.
0:57 of 3rd period - Goal by Brayden Schenn - Scraper : 5 - River Rats : 5.
0:58 of 3rd period - Tyler Bozak wins face-off versus Roman Horak in neutral zone.
1:03 of 3rd period - Snap shot by Damien Brunner.
1:03 of 3rd period - Shot Blocked by Derek Joslin.
1:05 of 3rd period - Snap shot by Tyler Bozak.
1:05 of 3rd period - Shot Misses the Net.
1:07 of 3rd period - Slapshot by Martin Grenier.
1:07 of 3rd period - Stopped by Maxime Ouellet with a rebound.
1:09 of 3rd period - Slapshot by Lauri Korpikoski.
1:09 of 3rd period - Stopped by Maxime Ouellet with a rebound.
1:11 of 3rd period - Wrist shot by Damien Brunner.
1:11 of 3rd period - Stopped by Maxime Ouellet with a rebound.
1:13 of 3rd period - Snap shot by Martin Grenier.
1:13 of 3rd period - Stopped by Maxime Ouellet with a rebound.
1:32 of 3rd period - Ben Eager is hit by Steve Quailer and loses puck.
1:47 of 3rd period - Wrist shot by Denis Shvidki.
1:47 of 3rd period - Stopped by Braden Holtby with a rebound.
2:12 of 3rd period - Minor Penalty to Eric Godard for Hooking.
2:13 of 3rd period - Tyler Bozak wins face-off versus Rick Schofield in Scraper zone.
2:27 of 3rd period - Backhand shot by Chris Mcallister.
2:27 of 3rd period - Shot Misses the Net.
2:29 of 3rd period - Slapshot by Damien Brunner.
2:29 of 3rd period - Deflect By Jared Cowen.
2:29 of 3rd period - Shot Blocked by Rick Schofield.
2:29 of 3rd period - Puck is out of play.
2:30 of 3rd period - Peter Mueller wins face-off versus Rick Schofield in Scraper zone.
4:12 of 3rd period - Penalty to Eric Godard is over, Eric Godard is back on ice.
4:43 of 3rd period - Snap shot by Tomas Kubalik.
4:43 of 3rd period - Shot Misses the Net.
4:45 of 3rd period - Snap shot by Michael Del Zotto.
4:45 of 3rd period - Shot Hit the Post.
4:55 of 3rd period - Tyler Bozak is hit by Marcus Foligno and loses puck.
5:12 of 3rd period - Ilkka Heikkinen is hit by Kellan Lain and loses puck.
5:13 of 3rd period - Ilkka Heikkinen from Scraper is injured at 5:13 of 3rd period (Upper Body).
5:14 of 3rd period - Ryan O'Reilly wins face-off versus Damien Brunner in Scraper zone.
6:07 of 3rd period - Marcus Foligno is hit by Michael Del Zotto.
6:19 of 3rd period - Reilly Smith is hit by Michael Del Zotto and loses puck.
6:26 of 3rd period - Slapshot by Tyler Bozak.
6:26 of 3rd period - Shot Misses the Net.
6:37 of 3rd period - Off-side.
6:38 of 3rd period - Peter Mueller wins face-off versus Brayden Schenn in neutral zone.
6:42 of 3rd period - Minor Penalty to Denis Shvidki for Roughing.
6:43 of 3rd period - Rick Schofield wins face-off versus Tyler Bozak in Scraper zone.
6:54 of 3rd period - Slapshot by Brendan Smith.
6:54 of 3rd period - Stopped by Braden Holtby without a rebound.
6:55 of 3rd period - Rick Schofield wins face-off versus Tyler Bozak in River Rats zone.
7:26 of 3rd period - Slapshot by Andy Greene.
7:26 of 3rd period - Goal by Andy Greene - Scraper : 5 - River Rats : 6.
7:27 of 3rd period - Ryan O'Reilly wins face-off versus Tyler Bozak in neutral zone.
7:54 of 3rd period - Off-side.
7:55 of 3rd period - Brayden Schenn wins face-off versus Peter Mueller in neutral zone.
8:04 of 3rd period - Snap shot by Denis Shvidki.
8:04 of 3rd period - Deflect By Brayden Schenn.
8:04 of 3rd period - Shot Hit the Post.
8:04 of 3rd period - Puck is out of play.
8:05 of 3rd period - Tyler Bozak wins face-off versus Ryan O'Reilly in River Rats zone.
8:05 of 3rd period - Tyler Bozak is hit by Ryan O'Reilly.
8:13 of 3rd period - Slapshot by Michael Del Zotto.
8:13 of 3rd period - Stopped by Maxime Ouellet without a rebound.
8:14 of 3rd period - Ryan O'Reilly wins face-off versus Tyler Bozak in Scraper zone.
8:23 of 3rd period - Wrist shot by Ben Eager.
8:23 of 3rd period - Stopped by Braden Holtby without a rebound.
8:24 of 3rd period - Brayden Schenn wins face-off versus Tyler Bozak in River Rats zone.
8:31 of 3rd period - Snap shot by Denis Shvidki.
8:31 of 3rd period - Stopped by Braden Holtby with a rebound.
8:33 of 3rd period - Slapshot by Brendan Smith.
8:33 of 3rd period - Stopped by Braden Holtby without a rebound.
8:34 of 3rd period - Brayden Schenn wins face-off versus Tyler Bozak in River Rats zone.
8:35 of 3rd period - Wrist shot by Evander Kane.
8:35 of 3rd period - Stopped by Braden Holtby without a rebound.
8:36 of 3rd period - Marcus Foligno wins face-off versus Tyler Bozak in River Rats zone.
9:21 of 3rd period - Slapshot by Andy Greene.
9:21 of 3rd period - Shot Misses the Net.
9:47 of 3rd period - Snap shot by Jay Beagle.
9:47 of 3rd period - Stopped by Maxime Ouellet with a rebound.
9:49 of 3rd period - Backhand shot by Martin Grenier.
9:49 of 3rd period - Shot Blocked by Jared Cowen.
9:51 of 3rd period - Slapshot by Andy Greene.
9:51 of 3rd period - Deflect By Taylor Beck.
9:51 of 3rd period - Stopped by Maxime Ouellet with a rebound.
9:53 of 3rd period - Snap shot by Jamie Arniel.
9:53 of 3rd period - Shot Misses the Net.
10:09 of 3rd period - Wrist shot by Tyler Bozak.
10:09 of 3rd period - Shot Misses the Net.
10:11 of 3rd period - Slapshot by Tyler Bozak.
10:11 of 3rd period - Stopped by Maxime Ouellet with a rebound.
10:13 of 3rd period - Slapshot by Matt Jones.
10:13 of 3rd period - Stopped by Maxime Ouellet without a rebound.
10:14 of 3rd period - Peter Mueller wins face-off versus Reilly Smith in Scraper zone.
10:17 of 3rd period - Snap shot by Peter Mueller.
10:17 of 3rd period - Stopped by Maxime Ouellet with a rebound.
10:19 of 3rd period - Snap shot by Chris Mcallister.
10:19 of 3rd period - Shot Misses the Net.
10:38 of 3rd period - Icing by Steve Quailer.
10:39 of 3rd period - Peter Mueller wins face-off versus Brayden Schenn in River Rats zone.
11:14 of 3rd period - Slapshot by Brendan Smith.
11:14 of 3rd period - Stopped by Braden Holtby with a rebound.
11:44 of 3rd period - Taylor Beck is hit by Brayden Schenn.
12:06 of 3rd period - Minor Penalty to Pavel Valentenko for Roughing.
12:07 of 3rd period - Tyler Bozak wins face-off versus Evander Kane in River Rats zone.
12:07 of 3rd period - Tyler Bozak is hit by Brendan Smith.
13:17 of 3rd period - Snap shot by Daniel Winnik.
13:17 of 3rd period - Stopped by Braden Holtby without a rebound.
13:18 of 3rd period - Brayden Schenn wins face-off versus Kellan Lain in River Rats zone.
14:06 of 3rd period - Penalty to Pavel Valentenko is over, Pavel Valentenko is back on ice.
14:11 of 3rd period - Kellan Lain is hit by Valeri Bure and loses puck.
14:32 of 3rd period - Damien Brunner is hit by Jared Cowen.
14:58 of 3rd period - Icing by Derek Joslin.
14:59 of 3rd period - Peter Mueller wins face-off versus Brayden Schenn in Scraper zone.
15:07 of 3rd period - Off-side.
15:08 of 3rd period - Valeri Bure wins face-off versus Kellan Lain in neutral zone.
15:11 of 3rd period - Kellan Lain is hit by Joe Finley and loses puck.
15:40 of 3rd period - Snap shot by Ryan O'Reilly.
15:40 of 3rd period - Shot Misses the Net.
15:48 of 3rd period - Snap shot by Ben Eager.
15:48 of 3rd period - Stopped by Braden Holtby without a rebound.
15:49 of 3rd period - Tyler Bozak wins face-off versus Brayden Schenn in River Rats zone.
15:49 of 3rd period - Tyler Bozak is hit by Eric Gryba.
16:24 of 3rd period - Icing by Peter Mueller.
16:25 of 3rd period - Roman Horak wins face-off versus Steve Quailer in River Rats zone.
16:30 of 3rd period - Snap shot by Valeri Bure.
16:30 of 3rd period - Shot Misses the Net.
16:32 of 3rd period - Slapshot by Roman Horak.
16:32 of 3rd period - Stopped by Braden Holtby without a rebound.
16:33 of 3rd period - Roman Horak wins face-off versus Kellan Lain in River Rats zone.
16:40 of 3rd period - Slapshot by Brendan Smith.
16:40 of 3rd period - Deflect By Valeri Bure.
16:40 of 3rd period - Deflect By Bryan Rodney.
16:40 of 3rd period - Goal by Valeri Bure - Scraper : 6 - River Rats : 6.
16:41 of 3rd period - Kellan Lain wins face-off versus Roman Horak in neutral zone.
17:08 of 3rd period - Lauri Korpikoski is hit by Denis Shvidki and loses puck.
18:22 of 3rd period - Off-side.
18:23 of 3rd period - Kellan Lain wins face-off versus Brayden Schenn in neutral zone.
18:55 of 3rd period - Slapshot by Damien Brunner.
18:55 of 3rd period - Stopped by Maxime Ouellet with a rebound.
18:57 of 3rd period - Wrist shot by Tyler Bozak.
18:57 of 3rd period - Stopped by Maxime Ouellet with a rebound.
18:59 of 3rd period - Wrist shot by Lauri Korpikoski.
18:59 of 3rd period - Stopped by Maxime Ouellet with a rebound.
19:01 of 3rd period - Backhand shot by Lauri Korpikoski.
19:01 of 3rd period - Shot Misses the Net.
Goals for this period are 3 for Scraper vs 2 for River Rats.
Shots for this period are 13 for Scraper vs 17 for River Rats.

Overtime #1


0:01 of 1st overtime period - Tyler Bozak wins face-off versus Ryan O'Reilly in neutral zone.
0:10 of 1st overtime period - Wrist shot by Tyler Bozak.
0:10 of 1st overtime period - Stopped by Maxime Ouellet without a rebound.
0:11 of 1st overtime period - Ryan O'Reilly wins face-off versus Tyler Bozak in Scraper zone.
0:20 of 1st overtime period - Snap shot by Ryan O'Reilly.
0:20 of 1st overtime period - Shot Misses the Net.
0:22 of 1st overtime period - Backhand shot by Jared Cowen.
0:22 of 1st overtime period - Deflect By Denis Shvidki.
0:22 of 1st overtime period - Stopped by Braden Holtby with a rebound.
0:24 of 1st overtime period - Backhand shot by Jared Cowen.
0:24 of 1st overtime period - Stopped by Braden Holtby with a rebound.
0:26 of 1st overtime period - Wrist shot by Denis Shvidki.
0:26 of 1st overtime period - Stopped by Braden Holtby without a rebound.
0:27 of 1st overtime period - Ryan O'Reilly wins face-off versus Tyler Bozak in River Rats zone.
0:30 of 1st overtime period - Snap shot by Ryan O'Reilly.
0:30 of 1st overtime period - Shot Misses the Net.
0:32 of 1st overtime period - Slapshot by Brendan Smith.
0:32 of 1st overtime period - Shot Misses the Net.
0:34 of 1st overtime period - Wrist shot by Brendan Smith.
0:34 of 1st overtime period - Deflect By Denis Shvidki.
0:34 of 1st overtime period - Shot Misses the Net.
0:34 of 1st overtime period - Puck is out of play.
0:35 of 1st overtime period - Tyler Bozak wins face-off versus Ryan O'Reilly in River Rats zone.
1:22 of 1st overtime period - Wrist shot by Brendan Smith.
1:22 of 1st overtime period - Shot Blocked by Michael Del Zotto.
1:24 of 1st overtime period - Snap shot by Rick Schofield.
1:24 of 1st overtime period - Stopped by Braden Holtby with a rebound.
1:26 of 1st overtime period - Slapshot by Valeri Bure.
1:26 of 1st overtime period - Shot Blocked by Bryan Rodney.
1:28 of 1st overtime period - Wrist shot by Rick Schofield.
1:28 of 1st overtime period - Shot Misses the Net.
1:30 of 1st overtime period - Wrist shot by Valeri Bure.
1:30 of 1st overtime period - Shot Misses the Net.
1:46 of 1st overtime period - Chris Mcallister is hit by Reilly Smith and loses puck.
1:51 of 1st overtime period - Slapshot by Evander Kane.
1:51 of 1st overtime period - Stopped by Braden Holtby with a rebound.
2:27 of 1st overtime period - Slapshot by Valeri Bure.
2:27 of 1st overtime period - Stopped by Braden Holtby without a rebound.
2:28 of 1st overtime period - Rick Schofield wins face-off versus Peter Mueller in River Rats zone.
2:35 of 1st overtime period - Slapshot by Peter Mueller.
2:35 of 1st overtime period - Goal by Peter Mueller - Scraper : 6 - River Rats : 7.
Goals for this period are 0 for Scraper vs 1 for River Rats.
Shots for this period are 6 for Scraper vs 2 for River Rats.


Output by the SimonT Hockey Simulator (STHS) for François Prévost -- Original Page W3C XHTML 1.0 Valid
Hockey Simulator - Hockey Simulation - Hockey Manager